 Dungeon Crawl Stone Soup version 0.13-a0-3016-gcb2faac (webtiles) character file.

105462 Malachi the Tortoise (level 15, -3/128 HPs)
             Began as a Djinni Fighter on Sept 14, 2013.
             Was a High Priest of Okawaru.
             Slain by a cyclops (21 damage)
             ... on Level 15 of the Dungeon.
             The game lasted 01:43:55 (38799 turns).

Malachi the Tortoise (Djinni Fighter)              Turns: 38799, Time: 01:43:55

HP  -3/128       AC 21     Str 22      XL: 15   Next: 91%
MP   0/0         EV  7     Int  9      God: Okawaru [*****.]
Gold 1007        SH 34     Dex 17      Spells:  0 memorised, 14 levels left

Res.Fire  : + + +   See Invis. : .   d - +5,+4 elf whip (elec)
Res.Cold  : . . .   Warding    : .   a - -1 plate armour
Life Prot.: + + +   Conserve   : .   i - +1 shield
Res.Poison: +       Res.Corr.  : .   f - +1 helmet of Morality {rElec MR++ Acc+3}
Res.Elec. : +       Clarity    : +   (no cloak)
Sust.Abil.: . .     Spirit.Shd : .   (no gloves)
Res.Mut.  : .       Stasis     : .   (boots unavailable)
Res.Rott. : .       Flight     : .   p - amulet of clarity
Saprovore : . . .                    m - +4 ring of dexterity
                                     j - ring "Wiuhill" {Hunger- rPois rC+}

@: studying Maces & Flails, heroism, very resistant to hostile enchantments,
extremely unstealthy
A: fire immunity, cold vulnerability, life protection 3
a: Heroism, Finesse, Renounce Religion


You were on level 15 of the Dungeon.
You worshipped Okawaru.
Okawaru was exalted by your worship.
You were not hungry.

You visited 4 branches of the dungeon, and saw 28 of its levels.
You also visited: Volcano.

You collected 3242 gold pieces.
You spent 2255 gold pieces at shops.

Inventory:

Hand weapons
 d - a +5,+4 elven whip of electrocution (weapon)
 s - the cursed +9,+5 spear "Hutoivu" (quivered) {pain, Str+2}
   (You found it on level 6 of the Dungeon)

   In the hands of one skilled in necromantic magic, it inflicts extra damage on
   living creatures.
   It affects your strength (+2).
   It has a curse placed upon it.
 t - a +2,+1 demon whip of flaming
 H - a +2,+1 whip of freezing
 I - a +3,+1 flail of holy wrath
 P - a +4,+3 scimitar of flaming
Armour
 a - a -1 plate armour (worn)
 f - the +1 helmet of Morality (worn) {rElec MR++ Acc+3}
   (You acquired it on level 8 of the Lair of Beasts)

   It affects your accuracy (+3).
   It insulates you from electricity.
   It affects your resistance to hostile enchantments.
 i - a +1 shield (worn)
 K - a +2 spiked helmet of see invisible
 R - a +1 orcish buckler of cold resistance
 Y - the +2 helmet of Twusil {MR+ Str+3 SInv}
   (You found it on level 8 of the Lair of Beasts)

   It affects your strength (+3).
   It affects your resistance to hostile enchantments.
   It enhances your eyesight.
Magical devices
 l - a wand of teleportation (8)
 q - a wand of paralysis (7)
 r - a wand of confusion (10)
 y - a wand of paralysis (10)
 z - a wand of hasting (4)
 E - a wand of confusion (2)
 Q - a wand of draining (6)
 T - a wand of fireball (1)
Scrolls
 b - 9 scrolls of remove curse
 c - a scroll of recharging
 v - a scroll of magic mapping
 w - a scroll of teleportation
 A - a scroll of brand weapon {unknown}
 J - a scroll of fog
Jewellery
 g - an uncursed ring of poison resistance
 j - the ring "Wiuhill" (left hand) {Hunger- rPois rC+}
   (You bought it in a shop on level 4 of the Orcish Mines)

   [ring of sustenance]

   It protects you from cold.
   It protects you from poison.
 m - a +4 ring of dexterity (right hand)
 p - an amulet of clarity (around neck)
 x - an uncursed amulet of resist mutation
 U - the ring of the Scavenger {+Fly rPois Int+3 Dam-3}
   (You found it on level 5 of the Lair of Beasts)

   [ring of poison resistance]

   It affects your intelligence (+3).
   It affects your damage-dealing abilities (-3).
   It lets you fly.
Potions
 e - 4 potions of curing
 h - 7 potions of restore abilities
 k - a potion of resistance
 o - 2 potions of heal wounds
 u - a potion of might
 B - 5 potions of agility
 C - 2 potions of magic
 D - 2 potions of flight
 F - a potion of poison
 G - 3 potions of berserk rage
 M - a potion of speed
Books
 n - a manual of Maces & Flails


   Skills:
 + Level 9.9(14.9) Fighting
 + Level 3.1(8.1) Long Blades
 + Level 15.0(20.0) Maces & Flails
 + Level 15.2(20.2) Armour
 - Level 1.0(6.0) Dodging
 + Level 15.2(20.2) Shields
 * Level 9.7 Invocations
 - Level 1.4 Evocations


You had 14 spell levels left.
You didn't know any spells.

Dungeon Overview and Level Annotations

Branches:
Dungeon (15/27)            Temple (1/1) D:7             Orc (4/4) D:6
    Elf (0/3) Orc:3          Lair (8/8) D:11          Swamp (0/5) Lair:4
 Spider (0/5) Lair:3        Slime (0/6) Lair:7
 Vaults: D:15-20

Altars:
Ashenzari
Cheibriados
Elyvilon
Fedhas
Kikubaaqudgha
Makhleb
Nemelex Xobeh
Okawaru
Sif Muna
Trog
Vehumet
Xom
Yredelemnul
Zin
the Shining One

Shops:
D:6 =   D:12 +   Orc:4 [?=?

Annotations:
D:12 exclusion: 2 oklob saplings
Lair:4 exclusion: 4 oklob plants


Innate Abilities, Weirdness & Mutations

You are immune to all types of fire, even holy and hellish.
You are vulnerable to cold.
You need no food.
You have no legs.
You are immune to negative energy.


Message History

You whack the orc!
You kill the orc!
The orc priest prays to Beogh.
You feel troubled.
The cyan ugly thing tail-slaps you but does no damage.
The eight-headed hydra skeleton bites you but does no damage.
The eight-headed hydra skeleton barely misses you.
The eight-headed hydra skeleton bites you.
You block the eight-headed hydra skeleton's attack.
The eight-headed hydra skeleton bites you!
* * * LOW HITPOINT WARNING * * *
The eight-headed hydra skeleton bites you.
* * * LOW HITPOINT WARNING * * *
The eight-headed hydra skeleton bites you but does no damage.
You block the eight-headed hydra skeleton's attack.
The orc priest calls down the wrath of Beogh upon you.
Something smites you!
* * * LOW HITPOINT WARNING * * *
The cyclops hits you!
You die...

#.# #.####.####. #.# #.# #.#
#. #.# #.####.####. #.#
#........... #.#
######.##### #.# #.# #)# #.#
#.# #.# ###########@########
#.# .......%..uuZC......#
#.# ...........oo.......#
#.# ....................#
#.# ...................#
#.##### ...................#
#......
...................########.
{..................'........
.................#########


You could see a cyclops, 2 ugly things, an orc priest, an orc wizard and an
eight-headed hydra skeleton.

Vanquished Creatures
  An orc warlord (Orc:3)
  2 dragons
  Fannar (Orc:3)
  Harold (D:12)
  Josephine (D:12)
  11 hydras
  Erica (D:10)
  7 death yaks
  4 ogre magi (Orc:4)
  2 orc high priests (Orc:4)
  A catoblepas (Lair:7)
  2 small abominations
  3 centaur warriors
  A soul eater (Orc:4)
  The ghost of docbrown the Conjurer, an experienced OpCj (D:13)
  An unseen horror (D:14)
  An ice devil (Orc:4)
  A swamp dragon (Lair:4)
  5 hill giants
  A giant amoeba (Lair:2)
  The ghost of 4tharraofdagon the Grappler, an experienced TrEE of Makhleb (Lair:1)
  An orc knight (Orc:1)
  A griffon (D:15)
  2 lindwurms (Lair:8)
  An orc sorcerer (Orc:4)
  A wolf spider (Lair:3)
  A deep elf conjurer (Orc:4)
  5 cyclopes
  A black mamba (Lair:8)
  2 eyes of devastation
  9 slime creatures (D:14)
  7 spiny worms (Lair:8)
  9 elephants (Lair:8)
  2 queen ants
  Psyche (D:8)
  18 spiny frogs
  A smoke demon (Orc:4)
  6 fire drakes
  A blue devil (Orc:4)
  3 wandering mushrooms (D:12)
  2 deep elf priests (Orc:4)
  An iron devil (Orc:4)
  4 giant fireflies (Lair:8)
  Grinder (D:6)
  7 komodo dragons
  3 giant leeches (Lair:8)
  7 trolls
  Prince Ribbit (D:8)
  17 two-headed ogres
  18 blink frogs
  A boulder beetle (Lair:5)
  14 ugly things
  51 yaks
  A shadow (D:13)
  A trapdoor spider (D:11)
  A wraith (D:14)
  5 wyverns
  A vampire (D:12)
  A hill giant zombie (D:15)
  2 elephant slugs
  6 basilisks
  4 hungry ghosts
  Grum (D:11)
  3 vampire mosquitoes (D:13)
  2 deep elf fighters
  8 hippogriffs
  A hill giant skeleton (D:12)
  3 manticores
  16 wolves
  Edmund (D:4)
  Menkaure (D:5)
  6 rock worms
  28 soldier ants
  The ghost of Nagual the Ruinous, an average OpCj (D:4)
  3 necrophages
  3 mottled dragons
  6 ice beasts
  16 porcupines
  20 orc warriors
  A black bear (D:6)
  A yellow wasp (D:12)
  17 crocodiles
  A tengu (shapeshifter) (D:10)
  2 hell hounds (Volcano)
  9 centaurs
  32 ogres
  2 phantoms
  4 sky beasts
  3 giant goldfish (D:13)
  Duvessa (D:8)
  5 giant slugs
  3 wargs
  3 brain worms (Lair:8)
  3 big kobolds
  15 giant frogs
  Blork the orc (D:8)
  11 water moccasins
  A cyclops zombie (D:8)
  2 komodo dragon skeletons (D:12)
  9 agate snails
  A gnoll sergeant (D:8)
  12 killer bees
  A yak zombie (D:12)
  An eye of draining (D:8)
  A hippogriff zombie (D:12)
  A troll zombie (D:14)
  5 fire bats (Volcano)
  A troll skeleton (D:14)
  An electric eel (D:13)
  10 wights
  A hippogriff skeleton (D:9)
  A yak skeleton (D:14)
  7 goliath beetles
  Dowan (D:8)
  8 crimson imps
  A quasit (D:14)
  A centaur zombie (D:6)
  13 jellies
  A giant frog skeleton (D:12)
  7 hounds
  2 spiders (Lair:3)
  2 gnoll shamans
  12 orc priests
  A two-headed ogre zombie (D:12)
  3 iguanas
  A centaur skeleton (D:12)
  36 orc wizards
  3 scorpions
  52 worker ants
  23 sheep
  Ijyb (D:5)
  2 big kobold zombies
  An ogre zombie (D:11)
  A mottled dragon zombie (D:14)
  A mummy (D:8)
  15 gnolls
  21 adders
  5 giant centipedes
  55 green rats
  A steam dragon skeleton (D:12)
  2 giant mites
  A goliath beetle zombie (D:5)
  23 worms
  An iguana zombie (D:8)
  2 giant eyeballs
  6 giant geckos
  12 oozes
  157 orcs
  A ball python (D:1)
  6 giant cockroaches
  17 goblins
  23 hobgoblins
  14 jackals
  29 kobolds
  10 quokkas
  32 bats
  A giant gecko skeleton (D:4)
  8 giant newts
  A goblin zombie (D:5)
  18 rats
  A rat zombie (D:6)
  A ballistomycete (D:13)
  2 fungi
  4 plants
1200 creatures vanquished.

Vanquished Creatures (collateral kills)
  A porcupine (Lair:3)
1 creature vanquished.

Vanquished Creatures (others)
  A hydra (D:15)
  A fire bat (Volcano)
  An orc wizard (Orc:4)
  An orc (D:13)
  A bat (Lair:3)
  2 giant spores
  24 fungi
  10 plants
41 creatures vanquished.

Grand Total: 1242 creatures vanquished

Notes
Turn   | Place    | Note
--------------------------------------------------------------
     0 | D:1      | Malachi, the Djinni Fighter, began the quest for the Orb.
     0 | D:1      | Reached XP level 1. HP: 16/16 MP: 0/0
   150 | D:1      | Reached XP level 2. EP: 22/22
   468 | D:1      | Reached XP level 3. EP: 29/29
   993 | D:2      | HP: 1/29 [worm (9)]
  1179 | D:2      | Reached skill level 4 in Armour
  1458 | D:3      | Reached XP level 4. EP: 35/35
  1535 | D:3      | Reached skill level 1 in Dodging
  1801 | D:3      | Reached XP level 5. EP: 28/40
  2152 | D:4      | Noticed Edmund
  2152 | D:4      | Noticed Nagual's ghost (average OpCj)
  2156 | D:5      | Entered Level 5 of the Dungeon
  2435 | D:4      | Reached skill level 1 in Maces & Flails
  2568 | D:4      | Noticed an ogre
  2580 | D:4      | Killed an ogre
  2580 | D:4      | Reached skill level 5 in Armour
  2580 | D:4      | Reached XP level 6. EP: 25/48
  2689 | D:4      | Killed Nagual's ghost
  2689 | D:4      | Reached skill level 5 in Shields
  2786 | D:4      | Killed Edmund
  2786 | D:4      | Reached XP level 7. EP: 43/53
  3098 | D:5      | Noticed a sky beast
  3101 | D:5      | Noticed Ijyb
  3115 | D:5      | Killed a sky beast
  3115 | D:5      | Reached skill level 6 in Armour
  3125 | D:5      | Killed Ijyb
  3386 | D:5      | Noticed Menkaure
  3394 | D:5      | Killed Menkaure
  3644 | D:6      | Reached XP level 8. EP: 58/61
  3726 | D:6      | Found a basalt altar of Yredelemnul.
  3726 | D:6      | Found a deep blue altar of Sif Muna.
  3726 | D:6      | Found a snail-covered altar of Cheibriados.
  3727 | D:6      | Noticed Grinder
  3735 | D:6      | Got a warped spear
  3766 | D:6      | Killed Grinder
  3766 | D:6      | Reached skill level 7 in Armour
  3893 | D:6      | Found a staircase to the Orcish Mines.
  3905 | D:6      | Got a creamy pearl robe
  4140 | D:6      | Found Maanaar's Jewellery Shop.
  4655 | D:7      | Reached skill level 5 in Maces & Flails
  4694 | D:7      | Found a staircase to the Ecumenical Temple.
  4707 | D:7      | Reached XP level 9. EP: 67/67
  4723 | Temple   | Entered the Ecumenical Temple
  4812 | Temple   | Became a worshipper of Warmaster Okawaru
  5273 | D:7      | Reached skill level 8 in Armour
  5291 | D:7      | Identified the +9,+5 spear "Hutoivu" {pain, Str+2} (You found it on level 6 of the Dungeon)
  5437 | D:7      | Acquired Okawaru's first power
  6272 | D:8      | Noticed Psyche
  6278 | D:8      | Killed Psyche
  6485 | D:8      | Reached skill level 9 in Armour
  6502 | D:8      | Noticed Dowan
  6503 | D:8      | Noticed Duvessa
  6512 | D:8      | Killed Duvessa
  6512 | D:8      | Reached skill level 5 in Fighting
  6520 | D:8      | Killed Dowan
  6967 | D:9      | Noticed Prince Ribbit
  7276 | D:8      | Reached XP level 10. EP: 69/75
  7448 | D:9      | Noticed Blork the orc
  7468 | D:8      | Killed Prince Ribbit
  7724 | D:8      | Killed Blork the orc
  8127 | D:9      | Reached skill level 10 in Armour
  8759 | D:10     | Entered Level 10 of the Dungeon
  8759 | D:10     | Noticed a hill giant
  9200 | D:10     | Killed a hill giant
  9200 | D:10     | Reached skill level 10 in Shields
  9376 | D:10     | Noticed a hill giant
  9378 | D:10     | Noticed a hill giant
  9531 | D:10     | Paralysed by a giant eyeball for 2 turns
  9868 | D:10     | Killed a hill giant
  9868 | D:10     | Reached XP level 11. EP: 31/83
 10113 | D:10     | Noticed Erica
 10133 | D:10     | Killed Erica
 10133 | D:10     | Reached skill level 11 in Armour
 10135 | D:10     | Acquired Okawaru's second power
 10275 | D:10     | Noticed a centaur warrior
 10295 | D:10     | Killed a centaur warrior
 10413 | D:11     | Reached skill level 1 in Evocations
 10767 | D:11     | Reached skill level 1 in Invocations
 10829 | D:11     | Noticed Grum
 10860 | D:11     | Killed Grum
 10860 | D:11     | Received a gift from Okawaru
 11020 | D:11     | Found a staircase to the Lair.
 11382 | D:11     | Paralysed by a giant eyeball for 3 turns
 11610 | D:10     | Killed a hill giant
 11725 | Lair:1   | Entered Level 1 of the Lair of Beasts
 11733 | Lair:1   | Reached skill level 12 in Armour
 11892 | Lair:1   | Noticed 4tharraofdagon's ghost (experienced TrEE)
 11907 | Lair:1   | Killed 4tharraofdagon's ghost
 12161 | Lair:1   | Identified the +1 robe of the Thunderstorm {Str+4 Acc+3 Curse} (You found it on level 6 of the Dungeon)
 12232 | Lair:1   | Found a dark tunnel.
 12251 | Volcano  | Entered a volcano
 12301 | Volcano  | Noticed a dragon
 12324 | Volcano  | Killed a dragon
 12324 | Volcano  | Received a gift from Okawaru
 12324 | Volcano  | Reached XP level 12. EP: 54/96
 12885 | Lair:2   | Noticed a five-headed hydra
 12892 | Lair:2   | Killed a hydra
 12892 | Lair:2   | Reached skill level 10 in Maces & Flails
 13342 | Lair:2   | Noticed an eight-headed hydra
 14223 | Lair:2   | Killed a three-headed hydra
 15834 | Lair:3   | Found a hole to the Spider Nest.
 16191 | Lair:3   | Noticed an eight-headed hydra
 16201 | Lair:3   | Killed a four-headed hydra
 16201 | Lair:3   | Reached skill level 5 in Invocations
 16857 | Lair:4   | Reached skill level 13 in Armour
 17104 | Lair:4   | Received a gift from Okawaru
 17752 | Lair:4   | Noticed a four-headed hydra
 17765 | Lair:4   | Killed a hydra
 17929 | Lair:4   | Found a staircase to the Swamp.
 18022 | Lair:3   | Reached XP level 13. EP: 72/106
 19869 | Lair:5   | Got a scintillating jade ring
 19938 | Lair:5   | Identified the ring of the Scavenger {+Fly rPois Int+3 Dam-3} (You found it on level 5 of the Lair of Beasts)
 20054 | Lair:5   | Received a gift from Okawaru
 20057 | Lair:5   | Got a shimmering buckler {god gift}
 20066 | Lair:5   | Identified the +0 buckler of the Scribe {Str+2 Int-2} (Okawaru gifted it to you on level 5 of the Lair of Beasts)
 21550 | Lair:8   | Entered Level 8 of the Lair of Beasts
 22275 | Lair:7   | Found a staircase to the Slime Pits.
 22965 | Lair:8   | Identified a scroll of acquirement
 22968 | Lair:8   | Got a dazzling helmet
 22972 | Lair:8   | Identified the +1 helmet of Morality {rElec MR++ Acc+3} (You acquired it on level 8 of the Lair of Beasts)
 23103 | Lair:8   | Received a gift from Okawaru
 23357 | Lair:8   | Reached XP level 14. EP: 110/117
 23510 | Lair:8   | Got a transparent helmet
 23515 | Lair:8   | Identified the +2 helmet of Twusil {MR+ Str+3 SInv} (You found it on level 8 of the Lair of Beasts)
 24630 | Lair:8   | Reached skill level 14 in Armour
 25163 | Lair:8   | Received a gift from Okawaru
 27010 | Lair:8   | Received a gift from Okawaru
 28937 | Orc:1    | Entered Level 1 of the Orcish Mines
 29931 | Orc:3    | Found a staircase to the Elven Halls.
 29938 | Orc:3    | Noticed Fannar
 29962 | Orc:3    | Killed Fannar
 30092 | Orc:4    | Entered Level 4 of the Orcish Mines
 31409 | Orc:4    | Reached XP level 15. EP: 55/125
 31433 | Orc:4    | Received a gift from Okawaru
 32044 | Orc:4    | Noticed an orc warlord
 32475 | Orc:3    | Killed an orc warlord
 32909 | Orc:4    | Found Kligehuble's Antique Armour Shoppe.
 32909 | Orc:4    | Found Thiwkix's Jewellery Boutique.
 32910 | Orc:4    | Found Eram's Magic Scroll Boutique.
 32910 | Orc:4    | Found Wuamuzxo's Magic Scroll Emporium.
 33371 | Orc:4    | Bought a scroll of identify for 32 gold pieces
 33371 | Orc:4    | Bought a scroll of identify for 32 gold pieces
 33397 | Orc:4    | Bought the ring "Wiuhill" {Hunger- rPois rC+} for 756 gold pieces
 33681 | D:12     | Noticed Harold
 33694 | D:12     | Killed Harold
 33730 | D:12     | Found Segg's Book Shop.
 33841 | D:12     | Bought a manual of Maces & Flails for 1435 gold pieces
 34125 | D:12     | Noticed Josephine
 34160 | D:12     | Killed Josephine
 34185 | D:12     | Reached skill level 15 in Armour
 34550 | D:12     | Found a blossoming altar of Fedhas.
 35181 | D:13     | Noticed docbrown's ghost (experienced OpCj)
 35194 | D:13     | Killed docbrown's ghost
 36236 | D:14     | Entered Level 14 of the Dungeon
 37149 | D:14     | Reached skill level 15 in Shields
 38242 | D:15     | Entered Level 15 of the Dungeon
 38271 | D:14     | Received a gift from Okawaru
 38751 | D:15     | Reached skill level 15 in Maces & Flails
 38799 | D:15     | Slain by a cyclops

Action                   |  1- 3 |  4- 6 |  7- 9 | 10-12 | 13-15 || total
-------------------------+-------+-------+-------+-------+-------++-------
Melee: Whip              |   124 |   142 |   445 |  1343 |  3569 ||  5623
       Dire flail        |       |       |    15 |       |       ||    15
       Flail             |       |       |       |     7 |    32 ||    39
       Mace              |       |       |       |   111 |       ||   111
       Scimitar          |       |       |       |    45 |     8 ||    53
       Demon whip        |       |       |       |    17 |       ||    17
       Unarmed           |       |       |       |     1 |       ||     1
       Eveningstar       |       |       |       |       |     8 ||     8
Invok: Heroism           |       |       |       |    10 |    28 ||    38
       Finesse           |       |       |       |       |     4 ||     4
Evoke: Wand              |       |       |     4 |     5 |     9 ||    18
  Use: Scroll            |     2 |     8 |    15 |    15 |    15 ||    55
       Potion            |       |       |     2 |     6 |     8 ||    16
 Stab: Confused          |       |       |       |     1 |       ||     1
       Fleeing           |       |       |       |       |     1 ||     1
